 Dungeon Crawl Stone Soup version 0.28-a0-580-ga2639ab843 (webtiles) character file.

Game seed: 3187943927436584740

69235 porpoise the Eclecticist (level 14, -6/70 HPs)
             Began as a Deep Elf Conjurer on Oct 2, 2021.
             Was an Elder of Vehumet.
             Shot with an arrow by a centaur warrior (23 damage)
             ... on level 14 of the Dungeon on Oct 3, 2021.
             The game lasted 02:45:38 (39642 turns).

porpoise the Eclecticist (Deep Elf Conjurer)       Turns: 39642, Time: 02:45:39

Health: -6/70      AC:  8    Str:  6    XL:     14   Next: 89%
Magic:  23/38      EV: 15    Int: 25    God:    Vehumet [****..]
Gold:   1629       SH:  7    Dex: 13    Spells: 14/50 levels left

rFire   + + .      SeeInvis +   b - +2 hunting sling (flame)
rCold   + . .      Faith    .   D - +2 buckler {rF+}
rNeg    + . .      Spirit   .   p - +2 robe {Will+}
rPois   +          Reflect  .   J - +0 hat {SInv}
rElec   .          Harm     .   q - scarf {rC+ rF+}
rCorr   +          Rampage  .   O - +0 pair of gloves {Stlth+}
Will    ++...                   w - +2 pair of boots
Stlth   ++++......              (no amulet)
HPRegen 0.21/turn               V - ring of Hocvemn {+Blink rPois rCorr Int-2}
MPRegen 0.26/turn               y - ring of positive energy

@: very slightly contaminated, studying 2 skills
A: frail 1
a: Renounce Religion, Evoke Blink


You were on level 14 of the Dungeon.
You worshipped Vehumet.
Vehumet was greatly pleased with you.
You visited 3 branches of the dungeon, and saw 20 of its levels.
You also visited: Bailey, Gauntlet and Volcano.

You collected 1942 gold pieces.
You spent 313 gold pieces at shops.

Inventory:

Hand Weapons
 a - a +5 rapier of flaming
 b - a +2 hunting sling of flaming (weapon)
Missiles
 e - 19 poisoned darts
 f - 125 sling bullets (quivered ammo)
 i - 3 curare-tipped darts (quivered)
 s - a throwing net
Armour
 m - +0 acid dragon scales
 p - a +2 robe of willpower (worn)
 q - a scarf of resistance (worn)
 w - a +2 pair of boots (worn)
 D - a +2 buckler of fire resistance (worn)
 J - a +0 hat of see invisible (worn)
 O - a +0 pair of gloves of stealth (worn)
 P - a +2 robe of fire resistance
Jewellery
 c - a ring of willpower
 x - a ring of flight
 y - a ring of positive energy (right hand)
 V - the ring of Hocvemn (left hand) {+Blink rPois rCorr Int-2}
   (You found it in a Gauntlet)

   [ring of poison resistance]

   Int:       It affects your intelligence (-2).
   rPois:     It protects you from poison.
   +Blink:    It lets you blink.
   rCorr:     It protects you from acid and corrosion.
Wands
 o - a wand of iceblast (12)
 r - a wand of charming (6)
 z - a wand of polymorph (44)
 A - a wand of digging (3)
 E - a wand of mindburst (27)
 N - a wand of acid (25)
 S - a wand of paralysis (24)
Scrolls
 d - 6 scrolls of teleportation
 l - a scroll of enchant armour
 u - 2 scrolls of vulnerability
 v - a scroll of magic mapping
 B - a scroll of enchant weapon
 L - a scroll of holy word
 M - a scroll of identify
 T - a scroll of summoning
 U - 4 scrolls of blinking
Potions
 h - 4 potions of cancellation
 j - 12 potions of curing
 t - 3 potions of invisibility
 F - a potion of lignification
 G - 5 potions of haste
 H - 11 potions of heal wounds
 I - 3 potions of magic
 K - a potion of ambrosia
Miscellaneous
 g - a phantom mirror
 k - a piece from Xom's chessboard (15/15)
 n - a lightning rod (4/4)
 C - a box of beasts


   Skills:
 - Level 5.0 Fighting
 - Level 7.0 Dodging
 - Level 7.0 Stealth
 - Level 4.0 Shields
 + Level 18.7 Spellcasting
 + Level 9.0 Conjurations
 - Level 12.0 Hexes
 - Level 7.0 Necromancy
 - Level 7.0 Translocations
 - Level 9.0 Transmutations
 - Level 7.0 Fire Magic
 - Level 7.0 Air Magic
 - Level 9.0 Earth Magic
 - Level 5.0 Evocations


You had 14 spell levels left.
You knew the following spells:

 Your Spells              Type           Power      Damage    Failure   Level
a - Magic Dart            Conj           100%       1d8       1%          1
b - Searing Ray           Conj           100%       2d8       1%          2
c - Fulminant Prism       Conj/Hex       33%        3d16      1%          4
d - Iskenderun's Mystic   Conj/Tloc      59%        2d12      1%          4
e - Lee's Rapid Deconstr  Erth           31%        3d17*     1%          5
f - Airstrike             Air            27%        N/A       1%          4
l - Sublimation of Blood  Necr           27%        N/A       1%          2
r - Irradiate             Conj/Tmut      31%        3d24      1%          5
v - Borgnjor's Vile Clut  Necr/Erth      29%        N/A       1%          5
w - Flame Wave            Conj/Fire      59%        3d11      1%          4

Your spell library contained the following spells:

 Spells                   Type           Power      Damage    Failure   Level
 Animate Skeleton         Necr           100%       N/A       1%          1
 Apportation              Tloc           100%       N/A       1%          1
 Beastly Appendage        Tmut           100%       N/A       1%          1
 Summon Small Mammal      Summ           92%        N/A       1%          1
 Ensorcelled Hibernation  Hex/Ice        100%       N/A       1%          2
 Slow                     Hex            70%        N/A       1%          2
 Wereblood                Tmut           62%        N/A       1%          2
 Confusing Touch          Hex            70%        N/A       1%          3
 Conjure Flame            Conj/Fire      59%        6-21      1%          3
 Dazzling Flash           Conj/Hex       100%       N/A       1%          3
 Gell's Gravitas          Tloc           27%        N/A       1%          3
 Ignite Poison            Fire/Tmut/Pois 50%        N/A       1%          3
 Inner Flame              Hex/Fire       63%        N/A       1%          3
 Lesser Beckoning         Tloc           55%        N/A       1%          3
 Mephitic Cloud           Conj/Pois/Air  50%        N/A       1%          3
 Spider Form              Tmut/Pois      22%        N/A       1%          3
 Teleport Other           Tloc           55%        N/A       1%          3
 Vampiric Draining        Necr           27%        2d9       1%          3
 Cause Fear               Hex            35%        N/A       1%          4
 Leda's Liquefaction      Hex/Erth       33%        N/A       1%          4
 Petrify                  Tmut/Erth      62%        N/A       1%          4
 Sticky Flame             Conj/Fire      59%        2d7       1%          4
 Freezing Cloud           Conj/Ice/Air   25%        6-21      1%          5
 Starburst                Conj/Fire      29%        6d9       3%          6
 Statue Form              Tmut/Erth      41%        N/A       8%          6
 Alistair's Intoxication  Tmut/Pois      30%        N/A       9%          5
 Eringya's Noxious Bog    Tmut/Pois      22%        N/A       13%         6
 Dispersal                Tloc           27%        N/A       17%         6
 Discord                  Hex            35%        N/A       67%         8
 Disjunction              Tloc           27%        N/A       100%        8
 Chain Lightning          Conj/Air       29%        3d39      100%        9
 Fire Storm               Conj/Fire      29%        8d8       100%        9
 Shatter                  Erth           31%        3d25*     100%        9


Dungeon Overview and Level Annotations

Branches:
Dungeon (14/15) Temple (1/1) D:5 Lair (5/6) D:8 Swamp (0/4) Lair:3 Snake (0/4) Lair:3 Orc (0/2) D:9 Vaults (0/5) D:13 D:14 Bailey (visited) Volcano (visited) Gauntlet (visited) Slime: Lair:5-6

Altars:
Ashenzari
Cheibriados
Fedhas
Gozag
Hepliaklqana
Makhleb
Nemelex Xobeh
Okawaru
Ru
Sif Muna
Trog
Uskayaw
Vehumet
Wu Jian
Yredelemnul
The Shining One
Jiyva

Shops:
D:14 [[

Annotations:
D:1 /Dig
D:9 2 transporters, robertstho's ghost, novice DjFE
D:11 3 runed translucent doors, Demosthentine's ghost, journeyman MfGl


Innate Abilities, Weirdness & Mutations

You are frail. (-10% HP)


Message History

Done waiting.
v - a scroll of magic mapping
Things that are here:
20 stones; a human corpse
Found 9 arrows.
A centaur warrior comes into view.
The centaur warrior shouts!
The centaur warrior wields a +0 vorpal shortbow.
The centaur warrior shoots an arrow.
You block the arrow.
Casting: Lee's Rapid Deconstruction (dangerous; 1% risk of failure)
Confirm with . or Enter, or press ? or * to list all spells.
Aiming: Lee's Rapid Deconstruction (dangerous; 1% risk of failure)
Press: ? - help, Dir - move target, f - centaur warrior Fragment what (e.g. wall or brittle monster)?: a centaur warrior, wielding a +0 vorpal shortbow and quivering arrows An open door.
The stone door frame shatters!
The blast of rock fragments hits the centaur warrior!!
The centaur warrior is heavily wounded.
The centaur warrior shoots an arrow.
The arrow closely misses you.
Casting: Lee's Rapid Deconstruction (dangerous; 1% risk of failure)
Confirm with . or Enter, or press ? or * to list all spells.
Aiming: Lee's Rapid Deconstruction (dangerous; 1% risk of failure)
Press: ? - help, Dir - move target, p - centaur warrior A rock wall.
You miscast Lee's Rapid Deconstruction.
You are very lightly contaminated with residual magic.
Nothing appears to happen.
The centaur warrior shoots an arrow.
The arrow hits you!!
Casting: Lee's Rapid Deconstruction (dangerous; 1% risk of failure)
Confirm with . or Enter, or press ? or * to list all spells.
Aiming: Lee's Rapid Deconstruction (dangerous; 1% risk of failure)
Press: ? - help, Dir - move target A rock wall.
The wall shatters!
The blast of rock fragments hits the centaur warrior!
The centaur warrior is severely wounded.
The centaur warrior shoots an arrow.
The arrow hits you!!
* * * LOW HITPOINT WARNING * * *
The centaur warrior shoots an arrow.
The arrow hits you!!
You die...

....#....#...##...#
....'....'....#...#
##..#....#....#...#
#..#....#...##..##
.#..#....##'###..##
.' #....#...#....#
## #....#...'....#
#....#'####...#
#....# ##.@.#
#....# #...## #..c#
#...'( ##..#..c
#..#....# ...# ##.#
.... .


You could see a centaur warrior.

Vanquished Creatures
  A stone giant (D:10)
  Nessos (D:14)
  A minotaur (Gauntlet)
  11 hydras
  Erolcha (D:11)
  Harold (D:8)
  An ice dragon (D:10)
  A hell beast (Gauntlet)
  2 boulder beetles
  2 centaur warriors
  7 two-headed ogres
  A hell hog (Volcano)
  Urug (D:11)
  2 deep elf knights (D:11)
  Sonja (Lair:2)
  A fire crab (Volcano)
  2 deep elf pyromancers
  Pikel (D:9)
  A glowing orange brain (shapeshifter) (D:13)
  4 orc knights
  5 cyclopes
  4 oklob plants
  2 ugly things
  2 orc sorcerers
  5 manticores
  5 elephants
  A salamander (shapeshifter) (D:13)
  A black mamba (Lair:5)
  Joseph (D:7)
  2 torpor snails (Gauntlet)
  8 cane toads
  2 unseen horrors
  5 kobold demonologists (D:11)
  A tengu conjurer (D:13)
  7 komodo dragons
  6 trolls
  2 polar bears
  A queen bee (shapeshifter) (D:14)
  9 slime creatures
  18 blink frogs
  7 dream sheep (Lair:5)
  A centaur simulacrum (D:14)
  2 shadows
  A water elemental (D:14)
  3 wraiths
  2 wyverns
  15 humans
  Grum (D:8)
  10 yaks
  3 basilisks
  5 steam dragons
  17 vampire mosquitoes
  Menkaure (D:5)
  An acid dragon (D:13)
  14 water moccasins
  3 hell hounds
  5 orc warriors
  2 sky beasts
  4 ice beasts
  A necrophage (D:7)
  2 black bears
  5 ogres
  29 wolves
  11 centaurs
  2 phantoms
  2 kobold brigands (D:8)
  Blork the orc (D:5)
  12 bullfrogs
  A wyvern zombie (D:5)
  3 gnoll sergeants
  2 scorpions
  A water moccasin skeleton (D:4)
  2 wyvern skeletons (D:7)
  10 killer bees
  11 wights
  An electric eel (Lair:5)
  3 howler monkeys
  9 centaur zombies
  4 bullfrog zombies
  2 hounds (D:6)
  2 jellies (D:6)
  9 orc priests
  A centaur skeleton (D:6)
  Jessica (D:2)
  8 orc wizards
  A scorpion zombie (D:5)
  Ijyb (D:3)
  Terence (D:2)
  An iguana (D:5)
  2 hound zombies (D:5)
  A hound skeleton (D:5)
  2 howler monkey zombies (D:5)
  Robin (D:2)
  A howler monkey skeleton (D:6)
  25 gnolls
  16 adders
  A shadow imp (D:7)
  A white imp (D:4)
  2 adder skeletons
  4 worms (D:3)
  3 dart slugs
  40 orcs
  8 ball pythons
  7 endoplasms
  5 giant cockroaches
  21 hobgoblins
  20 kobolds
  4 quokkas
  5 bats
  3 frilled lizards (D:1)
  13 goblins
  10 rats
  A fulminant prism (D:8)
562 creatures vanquished.

Vanquished Creatures (others)
  101 fulminant prisms
  40 fungi
  111 plants
252 creatures vanquished.

Grand Total: 814 creatures vanquished

Notes
Turn   | Place    | Note
-------+----------+-------------------------------------------
     0 | D:1      | porpoise the Deep Elf Conjurer began the quest for the Orb.
     0 | D:1      | Reached XP level 1. HP: 10/10 MP: 6/6
   210 | D:1      | Reached XP level 2. HP: 15/15 MP: 5/8
   239 | D:1      | Learned a level 2 spell: Searing Ray
   825 | D:1      | Reached skill level 4 in Spellcasting
   983 | D:1      | Reached skill level 5 in Conjurations
   983 | D:1      | Reached XP level 3. HP: 19/19 MP: 8/10
  1050 | D:1      | You fall into a shaft and drop 1 floor!
  1535 | D:2      | Noticed Robin
  1545 | D:2      | Killed Robin
  1815 | D:2      | Noticed Terence
  1822 | D:2      | Killed Terence
  1823 | D:2      | Reached XP level 4. HP: 24/24 MP: 6/12
  1904 | D:2      | Noticed Jessica
  1908 | D:2      | Killed Jessica
  1909 | D:2      | Reached skill level 5 in Spellcasting
  2152 | D:2      | Learned a level 4 spell: Iskenderun's Mystic Blast
  2157 | D:2      | Learned a level 4 spell: Fulminant Prism
  2333 | D:3      | Found an opulent altar of Gozag.
  2456 | D:3      | Reached skill level 1 in Hexes
  2815 | D:3      | Reached XP level 5. HP: 28/28 MP: 11/14
  2977 | D:3      | Noticed Ijyb
  2977 | D:3      | Noticed a phantom
  2994 | D:3      | Killed a phantom
  2995 | D:3      | Reached skill level 6 in Spellcasting
  3236 | D:3      | Killed Ijyb
  3237 | D:3      | Reached XP level 6. HP: 15/32 MP: 2/17
  3825 | D:3      | Noticed a moth of wrath
  3828 | D:3      | Found a bloodstained altar of Trog.
  4013 | D:3      | Learned a level 5 spell: Irradiate
  4856 | D:4      | Reached skill level 7 in Spellcasting
  4945 | D:4      | Found an iron altar of Okawaru.
  4950 | D:4      | Found a burning altar of Makhleb.
  5039 | D:4      | Reached skill level 5 in Hexes
  5039 | D:4      | Reached skill level 1 in Translocations
  5342 | D:5      | Entered Level 5 of the Dungeon
  5349 | D:5      | Reached XP level 7. HP: 30/36 MP: 11/19
  5418 | D:5      | Noticed Menkaure
  6830 | D:5      | Killed Menkaure
  7441 | D:5      | Noticed Blork the orc
  7512 | D:5      | Killed Blork the orc
  7537 | D:5      | Reached skill level 5 in Translocations
  7537 | D:5      | Reached skill level 1 in Transmutations
  7537 | D:5      | Reached XP level 8. HP: 38/41 MP: 8/20
  8304 | D:5      | Identified the +3 plate armour of Yesterday {rCorr Str+3
                  | Dex+3}
  8350 | D:5      | Reached skill level 5 in Transmutations
  8421 | D:5      | Found a sparkling altar of Nemelex Xobeh.
  8996 | D:5      | Found a basalt altar of Yredelemnul.
  9401 | D:5      | Found a staircase to the Ecumenical Temple.
  9407 | Temple   | Entered the Ecumenical Temple
  9418 | Temple   | Became a worshipper of Vehumet
  9467 | D:6      | Reached skill level 8 in Spellcasting
 10092 | D:6      | Reached XP level 9. HP: 45/45 MP: 9/23
 10267 | D:6      | Noticed a troll
 10275 | D:6      | Killed a troll
 10276 | D:6      | Reached skill level 9 in Spellcasting
 10596 | D:6      | Reached skill level 1 in Fighting
 10596 | D:6      | Reached skill level 1 in Shields
 11206 | D:7      | Found a flagged portal.
 11258 | Bailey   | Entered a bailey
 12231 | Bailey   | Reached * piety under Vehumet
 12231 | Bailey   | Offered knowledge of Shock by Vehumet.
 12339 | Bailey   | Noticed an orc knight
 12348 | Bailey   | Killed an orc knight
 12846 | Bailey   | Acquired 476 gold pieces
 12995 | D:7      | Noticed a komodo dragon
 13001 | D:7      | Killed a komodo dragon
 13320 | D:7      | Noticed Joseph
 13816 | D:7      | Reached XP level 10. HP: 50/56 MP: 16/25
 14127 | D:7      | Reached skill level 5 in Dodging
 15355 | D:7      | Upgraded the game from 0.28-a0-577-gb193047a1f to
                  | 0.28-a0-580-ga2639ab843
 15396 | D:7      | Offered knowledge of Static Discharge by Vehumet.
 15548 | D:7      | Killed Joseph
 15548 | D:7      | Reached ** piety under Vehumet
 15764 | D:7      | Reached skill level 1 in Evocations
 16432 | D:8      | Reached skill level 10 in Spellcasting
 16435 | D:8      | Noticed Grum
 16442 | D:8      | Killed Grum
 16730 | D:8      | Noticed Harold
 16748 | D:8      | Killed Harold
 16749 | D:8      | Reached XP level 11. HP: 60/60 MP: 1/27
 17105 | D:8      | Reached skill level 5 in Evocations
 17202 | D:8      | Reached skill level 11 in Spellcasting
 17489 | D:8      | Found a staircase to the Lair.
 17786 | D:9      | Found a staircase to the Orcish Mines.
 17794 | D:9      | Found a transporter.
 17826 | D:9      | Noticed a two-headed ogre
 17827 | D:9      | Noticed a red ugly thing
 17831 | D:9      | Noticed robertstho's ghost (novice DjFE)
 17836 | D:9      | Noticed a centaur warrior
 18130 | D:9      | Offered knowledge of Frozen Ramparts by Vehumet.
 18230 | D:9      | Noticed Pikel
 18238 | D:9      | Killed Pikel
 18354 | D:9      | Found a transporter.
 18577 | D:9      | Reached skill level 5 in Stealth
 18704 | D:9      | Learned a level 2 spell: Sublimation of Blood
 18803 | D:10     | Entered Level 10 of the Dungeon
 18816 | D:10     | Reached skill level 12 in Spellcasting
 19042 | D:10     | Learned a level 5 spell: Lee's Rapid Deconstruction
 19063 | D:10     | Reached skill level 1 in Earth Magic
 19146 | D:10     | Reached *** piety under Vehumet
 19585 | D:10     | Noticed a boulder beetle
 19649 | Lair:1   | Entered Level 1 of the Lair of Beasts
 19796 | Lair:1   | You are sucked into a shaft and drop 1 floor!
 20077 | Lair:1   | Reached skill level 1 in Necromancy
 20278 | Lair:1   | Noticed a seven-headed hydra
 20287 | Lair:1   | Killed a seven-headed hydra
 20882 | Lair:1   | Offered knowledge of Airstrike by Vehumet.
 20888 | Lair:1   | Learned a level 4 spell: Airstrike
 20990 | Lair:1   | Reached skill level 5 in Earth Magic
 21384 | Lair:1   | Reached skill level 5 in Necromancy
 21999 | Lair:2   | Reached XP level 12. HP: 57/64 MP: 19/30
 22592 | Lair:2   | Learned a level 5 spell: Borgnjor's Vile Clutch
 22843 | Lair:2   | Found a blossoming altar of Fedhas.
 23206 | Lair:2   | Noticed Sonja
 23213 | Lair:2   | Killed Sonja
 24032 | Lair:3   | Reached **** piety under Vehumet
 24416 | Lair:3   | Reached skill level 1 in Air Magic
 24451 | Lair:3   | Offered knowledge of Mephitic Cloud by Vehumet.
 24752 | Lair:3   | Noticed a five-headed hydra
 24758 | Lair:3   | Killed a five-headed hydra
 25427 | Lair:3   | Found a staircase to the Snake Pit.
 25433 | Lair:3   | Found a staircase to the Swamp.
 25979 | Lair:4   | Reached skill level 13 in Spellcasting
 25979 | Lair:4   | Noticed a five-headed hydra
 25985 | Lair:4   | Killed a five-headed hydra
 26192 | Lair:4   | Noticed a six-headed hydra
 26194 | Lair:4   | Killed a six-headed hydra
 26195 | Lair:4   | Reached skill level 5 in Air Magic
 26195 | Lair:4   | Reached XP level 13. HP: 68/68 MP: 23/32
 26931 | Lair:5   | Found a dark tunnel.
 26939 | Volcano  | Entered a volcano
 27216 | Volcano  | Reached skill level 14 in Spellcasting
 28201 | Lair:5   | Identified the +13 chain mail of Jenyggac {rF+ rC- Dex+7
                  | SInv}
 28307 | Lair:5   | Reached ***** piety under Vehumet
 29229 | D:10     | Noticed a stone giant
 29237 | D:10     | Killed a stone giant
 29239 | D:10     | Offered knowledge of Ozocubu's Refrigeration by Vehumet.
 29792 | D:11     | Noticed Urug
 29801 | D:11     | Killed Urug
 29979 | D:11     | Noticed Erolcha
 29982 | D:11     | Killed Erolcha
 29983 | D:11     | Reached skill level 10 in Hexes
 30357 | D:11     | Found a runed translucent gate.
 30357 | D:11     | Found a runed translucent gate.
 30357 | D:11     | Found a runed translucent gate.
 30424 | D:11     | Noticed Demosthentine's ghost (journeyman MfGl)
 30453 | D:11     | Found a viscous altar of Jiyva.
 31030 | D:11     | Found a transporter.
 31164 | D:11     | Found a transporter.
 31336 | D:11     | Reached XP level 14. HP: 75/75 MP: 15/34
 31980 | D:12     | Found a gate leading to a gauntlet.
 32046 | Gauntlet | Entered a Gauntlet
 32046 | Gauntlet | Found a transporter.
 32046 | Gauntlet | Found a runed translucent door.
 32046 | Gauntlet | Found a transporter.
 32280 | Gauntlet | Found a transporter.
 32295 | Gauntlet | Found a transporter.
 32310 | Gauntlet | Found a transporter.
 32310 | Gauntlet | Found a transporter.
 32310 | Gauntlet | Found a transporter.
 32312 | Gauntlet | Found a transporter.
 32312 | Gauntlet | Found a transporter.
 32326 | Gauntlet | Found a transporter.
 32342 | Gauntlet | Found a transporter.
 32352 | Gauntlet | Found a transporter.
 32367 | Gauntlet | Found a transporter.
 32387 | Gauntlet | Found a transporter.
 32389 | Gauntlet | Found a runed translucent door.
 32585 | Gauntlet | Offered knowledge of Flame Wave by Vehumet.
 32593 | Gauntlet | Learned a level 4 spell: Flame Wave
 32733 | Gauntlet | Reached skill level 5 in Fighting
 33101 | Gauntlet | Identified the ring of Hocvemn {+Blink rPois rCorr Int-2}
 33115 | Gauntlet | Noticed a storm dragon
 33115 | Gauntlet | a death yak changed into a storm dragon
 33146 | Gauntlet | Identified the +9 flail "Xut Toum" {vorpal, rPois Str+3}
 33155 | Gauntlet | Reached skill level 1 in Fire Magic
 33247 | Gauntlet | Identified the +4 ring mail "Kawnaar" {Harm Slay+2}
 33250 | Gauntlet | Identified the +1 hat of Ditra {Dex+2}
 33925 | D:12     | Reached skill level 15 in Spellcasting
 35856 | D:13     | Reached skill level 16 in Spellcasting
 36158 | D:13     | Reached skill level 5 in Fire Magic
 36438 | D:13     | You fall into a shaft and drop 1 floor!
 37343 | D:14     | Noticed Nessos
 37343 | D:14     | Found a gate to the Vaults.
 37346 | D:14     | Reached skill level 17 in Spellcasting
 37347 | D:14     | Killed Nessos
 37351 | D:13     | Gained mutation: You are frail. (-10% HP) [mutagenic glow]
 38300 | D:14     | Reached skill level 18 in Spellcasting
 38963 | D:14     | Found Qiseasuud's Antique Armour Shop.
 38967 | D:14     | Found Goacloho's Armour Shoppe.
 39026 | D:14     | Bought a pair of glowing gloves for 210 gold pieces
 39026 | D:14     | Bought a runed robe for 103 gold pieces
 39642 | D:14     | Shot with an arrow by a centaur warrior

Illustrated notes

Levels and vault maps discovered:
D:1:      amcnicky_arrival_underground_garden, layout_loops_ring,
          minmay_misc_feat_four_crosses, due_unseen_surprise
D:2:      minmay_wonky_spiral, layout_basic, uniq_jessica, uniq_robin,
          uniq_terence
D:3:      layout_basic, tgw_trog, general_overflow_altar, nrook_mini_backslash,
          kennysheep_decorative_pillar, uniq_ijyb
D:4:      layout_loops_ring, minitemple, grunt_decor_one_mirror
D:5:      layout_rooms, nicolae_yredelemnul_corpse_copse,
          mainiacjoe_overflow_alcove_2, temple_green, minmay_manual_macuahuitl,
          uniq_blork_the_orc, uniq_menkaure
D:6:      layout_basic
D:7:      kennysheep_windowed_halls, layout_basic, enter_bailey_4, uniq_joseph
D:8:      layout_loops_ring, david_lair_shrubbed, uniq_harold, uniq_grum
D:9:      layout_basic, orc_0_dummy, nzn_ghost_randoct, uniq_pikel
D:10:     minmay_sliced_demisemicircle, layout_basic, minmay_crystal_room
D:11:     gammafunk_wand_slinger, layout_irregular_city, gammafunk_ghost_ooze,
          uniq_erolcha, uniq_urug
D:12:     layout_irregular_city, gauntlet_entry_generic
D:13:     layout_rooms
D:14:     layout_gridville, david_vaults_3, hex_tiny, nicolae_wooded_promenade,
          nicolae_wu_jian_wuxing_cycle
Temple:   lightli_temple_of_artemis
Lair:1:   minmay_lair_venomous_thicket, layout_hall_layers, grunt_megastairs_5,
          infiniplex_staircase_pool_2
Lair:2:   layout_chaotic_city, hangedman_tree_tricks, uniq_sonja
Lair:3:   minmay_lair_oklob_chamber, layout_small_grid,
          minmay_swamp_entry_swarm, dummy_snake_entry, st_stairs_11
Lair:4:   layout_hall_layers
Lair:5:   layout_gridlike, enter_volcano_4, serial_bayou_lagoon_a, minivault_27

Skill      XL: |  1  2  3  4  5  6  7  8  9 10 11 12 13 14 |
---------------+-------------------------------------------+-----
Spellcasting   | 4 5 6 7 8 9 10 12 13 14 18 | 18.7
Conjurations   | 5 6 7 9 |  9.0
Hexes          | 1 3 5 7 9 11 12 | 12.0
Translocations | 1 5 7 |  7.0
Transmutations | 1 6 7 9 |  9.0
Fighting       | 3 5 |  5.0
Shields        | 4 |  4.0
Dodging        | 4 7 |  7.0
Evocations     | 4 5 |  5.0
Stealth        | 7 |  7.0
Earth Magic    | 6 7 9 |  9.0
Necromancy     | 5 7 |  7.0
Air Magic      | 5 7 |  7.0
Fire Magic     | 7 |  7.0

Action                   |  1- 3 |  4- 6 |  7- 9 | 10-12 | 13-15 || total
-------------------------+-------+-------+-------+-------+-------++-------
Melee: Spear             |       |     1 |       |       |       ||     1
       Rapier            |       |       |     2 |     2 |       ||     4
       Hunting sling     |       |       |       |     1 |       ||     1
       Short sword       |       |       |       |     8 |       ||     8
 Fire: Hunting sling     |       |     8 |    65 |   137 |    45 ||   255
Throw: Dart              |       |       |       |       |     4 ||     4
 Cast: Magic Dart        |    55 |    28 |    11 |       |     1 ||    95
       Searing Ray       |     6 |    26 |    92 |   131 |    57 ||   312
       Iskenderun's Myst |       |     2 |    17 |    55 |    32 ||   106
       Fulminant Prism   |       |       |    16 |    63 |    23 ||   102
       Irradiate         |       |       |       |    25 |    40 ||    65
       Lee's Rapid Decon |       |       |       |     8 |   131 ||   139
       Airstrike         |       |       |       |       |    13 ||    13
       Borgnjor's Vile C |       |       |       |       |     1 ||     1
       Flame Wave        |       |       |       |       |     1 ||     1
Evoke: Wand              |       |     1 |     1 |    13 |     8 ||    23
       Lightning rod     |       |       |       |       |     3 ||     3
  Use: Potion            |     1 |       |     1 |       |     4 ||     6
       Scroll            |       |     6 |     3 |    11 |    11 ||    31
 Stab: Sleeping          |       |       |       |     1 |       ||     1
       Paralysed         |       |       |       |     2 |       ||     2
Armor: Robe              |       |     5 |    47 |    71 |    25 ||   148
Dodge: Dodged            |     3 |    11 |    92 |   178 |    70 ||   354
Block: Buckler           |       |       |       |    60 |    37 ||    97

Table legend: (Time is in decaauts)
 A = Elapsed time spent in this place.
 B = Non-inter-level travel time spent in this place.
 C = Inter-level travel time spent in this place.
 D = Time resting spent in this place.
 E = Time spent auto-exploring this place.
 F = Levels seen in this place.
 G = Mean time per level.
                   A        B        C        D        E       F      G
               +--------+--------+--------+--------+--------+-----+--------+
         Total |  39739 |  38706 |   1033 |  23129 |   9077 |  23 | 1727.8 |
       Dungeon |  28078 |  27306 |    772 |  16444 |   6859 |  14 | 2005.6 |
        Temple |     19 |     11 |      8 |      0 |      2 |   1 |   19.0 |
          Lair |   8130 |   7877 |    253 |   4198 |   1956 |   5 | 1626.0 |
        Bailey |   1720 |   1720 |      0 |   1339 |    126 |   1 | 1720.0 |
       Volcano |    541 |    541 |      0 |    354 |      0 |   1 |  541.0 |
      Gauntlet |   1249 |   1249 |      0 |    794 |    134 |   1 | 1249.0 |
               +--------+--------+--------+--------+--------+-----+--------+

Top non-repeatable levels by time:
     D:4: 3529 daAuts
     D:7: 3022 daAuts
  Lair:3: 2574 daAuts
    D:12: 2367 daAuts
     D:8: 2249 daAuts
    D:11: 2145 daAuts
  Lair:1: 2111 daAuts
    D:14: 2047 daAuts
     D:3: 2016 daAuts
    D:13: 1868 daAuts
     D:6: 1851 daAuts
    D:10: 1765 daAuts
  Bailey: 1720 daAuts
     D:5: 1717 daAuts
  Lair:2: 1662 daAuts
